Raymond Holt, neutral male scurrid Tourist ################ ---------------------------------# #. ... |# ---------- #| ---- ----- ----+--..----- |# | < | #| | |--- | | + (| |..|(((| |# #. | ##+ | | | | _ | | | |..|(((| |# ###| | ###| -+-| | | + --------.|@..| |# # ----.----- ------------ #######+ | | | | + |.--@-- .#### ## | | # ### | { -+-- ----| | |........|# # | > .##### | + |+-- -----..----- |# ## | | ### | -+-- | | | ....+ | |# #----|----- | | # | -+-| | ----| |-+--....| | |# #. | | .## | | | | | |--| |---.----- |# | | ------------ | | |--- + | | | +. |########+ | | | | | | | | |.. | ---------- | ---- -----+---------.. { | | .. | --------------------------------- Raymond Holt the Rambler Experience level: 2 Strength: 11 Dexterity: 11 Constitution: 14 Intelligence: 14 Wisdom: 9 Charisma: 16 Health: 0(13) Energy: 5(5) Def: 0 Gold: 0 Moves: 48 Dungeon seed: Fv8tAF1SSO_qFjZ0 Game ID: Raymond Holt_1528899741 Your Inventory: Weapons a - 40 uncursed +2 darts (in quiver) Armor e - an uncursed +0 Hawaiian shirt (being worn) Comestibles b - an uncursed clove of garlic c - 2 uncursed food rations d - 3 uncursed tripe rations f - 3 uncursed eggs g - 3 uncursed chestnuts Scrolls i - 3 uncursed scrolls of magic mapping Potions h - 2 uncursed potions of extra healing Wands l - an uncursed wand of secret door detection (0:12) Tools j - an uncursed expensive camera (0:37) k - an uncursed credit card m - an uncursed tin opener Spells and supernatural/magical abilities: Name Level Category Fail Memory W - pray for help -- divine ? -- Your skills at the end: Miscellaneous Skills wands [Basic] Weapon Skills dart [Basic] Spellcasting Skills Final Attributes: You were devoutly aligned. You had infravision. You were very stealthy. You are dead. Vanquished creatures: a jitterbug a jackal a kobold zombie 3 creatures vanquished. Voluntary challenges: You went without food. You did not adorn yourself with jewelry or accessories. You did not cause conflict. You were not invisible. You did not have reflection. You were not displaced. You were an atheist. You never hit with a wielded weapon. You did not use containers. You did not apply a unicorn horn. You did not use plumbed fixtures. You did not drink any magical draughts. You read items or engraved 1 time, starting on turn 40. You never genocided any monsters. You never polymorphed an object. You never changed form. You used no wishes. You never split a pudding. You never wrote Elbereth's name. You violated your moral code, losing 1 point of alignment, starting on turn 48. Dungeon overview: The Dungeons of Doom: levels 1 to 2 Level 1 a long staircase Level 2 stairs to The Gnomish Mines The Gnomish Mines: levels 3 to 6 Level 3 stairs to The Dungeons of Doom Level 4 Level 5 Level 6 <- You were here a lighting shop, a temple to Offler, a magic chest, some fountains History has recorded: On T:1 you entered the Dungeons of Doom to retrieve the Amulet of Yendor! On T:13 you reached level 2 of The Dungeons of Doom. On T:15 you reached level 1 of The Gnomish Mines. On T:22 you reached level 2 of The Gnomish Mines. On T:29 you reached level 3 of The Gnomish Mines. On T:32 you advanced to experience level 2. On T:39 you reached level 4 of The Gnomish Mines. Score breakdown: Gold: 0 ( 0 points) Experience: 2 levels ( 100 points) Exploration: 6 levels ( 150 points) Discoveries: 2 items ( 100 points) Variety of kills: 3 monsters ( 150 points) Major goal: (nothing yet) ( 0 points) Survival: died (score multiplied by 3) Total score: 1500 Latest messages: You dig a hole through the floor. You fall through... As you read the scroll, it disappears. A map coalesces in your mind! Skulker drinks a puce potion! Skulker seems more experienced. The soldier ant is blinded by the flash! The soldier ant turns to flee! The door opens. "Aloha, Raymond Holt! Welcome to Izchak's lighting store!" You begin bashing monsters with your bare paws. You miss Izchak. You hesitate for a moment, bothered by your conscience. Izchak gets angry! Izchak zaps an oak wand! The wand hits you! You die... Izchak takes all your possessions. Final status: Aloha Raymond Holt the Tourist, killed by a force bolt... You died in The Gnomish Mines on dungeon level 6 with 1500 points, and 0 pieces of gold, after 48 moves. You were level 2 with a maximum of 13 hit points when you died.